Cogmind - Beta 15 @@@ ROGUE MODE // 2025.05.09 @ 17:16:30 Player: Anting Result: Destroyed by Autobeam Turret with Autobeam Performance ------------- Evolutions (0) 0 Regions Visited (2) 400 Robots Destroyed (32) 160 Value Destroyed (751) 751 Prototype IDs (0) 0 Alien Tech Used (0) 0 Bonus (0) 0 TOTAL SCORE: 1311 Bonus ------- None Cogmind --------- Core Integrity 0/250 Matter 233/300 Energy 200/200 System Corruption 0% Temperature Cool (12) Movement Core (250) Ox4 Location -10/Subcaves Parts ------- > --- POWER (1) -------- Subdweller Power Source > --- PROPULSION (2) --- (None) > --- UTILITY (2) ------ Small Storage Unit > --- WEAPON (2) ------- Subdweller Laser > --- INVENTORY (8) ---- Compact Wheel Hacking Suite Small Laser Subdweller Beam Cannon Subdweller Beam Cannon Light Assault Rifle Light Assault Rifle Peak State ------------ > --- POWER ------------ Subdweller Power Source > --- PROPULSION ------- Light Treads Aluminum Leg > --- UTILITY ---------- Small Storage Unit Makeshift Kinetic Plating > --- WEAPON ----------- Subdweller Laser Subdweller Beam Cannon > --- INVENTORY -------- Compact Wheel Hacking Suite Small Laser Subdweller Beam Cannon Light Assault Rifle Light Assault Rifle Light Assault Rifle Grenade Launcher [Rating: 14] Favorites ----------- Power Light Ion Engine Engine Light Ion Engine Propulsion Light Treads Treads Light Treads Leg Aluminum Leg Utility Small Storage Unit Device Seismic Detector Storage Small Storage Unit Protection Makeshift Kinetic Plating Weapon Light Assault Rifle Energy Gun Medium Laser Energy Cannon Subdweller Beam Cannon Ballistic Gun Light Assault Rifle Launcher Grenade Launcher Build | -11 -10 -10 ------- Run | Yrd Mat Sub Slots Evolved . | . . . Power . | . . . Propulsion . | . . . Utility . | . . . Weapon . | . . . Parts Attached 14 | 6 2 6 Power 2 | . 1 1 Engine 2 | . 1 1 Core . | . . . Reactor . | . . . Propulsion 4 | 2 . 2 Treads 3 | 2 . 1 Leg 1 | . . 1 Wheel . | . . . Hover . | . . . Flight . | . . . Utility 3 | 2 . 1 Device 1 | 1 . . Storage 1 | 1 . . Processor . | . . . Hackware . | . . . Protection 1 | . . 1 Artifact . | . . . Weapon 5 | 2 1 2 Energy Gun 2 | 1 . 1 Energy Cannon 1 | . . 1 Ballistic Gun 1 | 1 . . Ballistic Cannon . | . . . Launcher 1 | . 1 . Special Weapon . | . . . Impact Weapon . | . . . Slashing Weapon . | . . . Piercing Weapon . | . . . Special Melee Weapon . | . . . Unidentified Prototypes . | . . . Parts Lost 8 | . . 8 Power 1 | . . 1 Propulsion 4 | . . 4 Utility 1 | . . 1 Weapon 2 | . . 2 Highest Loss Streak 3 | . . 3 To Critical Strikes . | . . . Average Backups 6 | 4 7 6 Power . | 1 . . Propulsion 1 | 1 3 1 Utility . | . . 1 Weapon 3 | . 3 4 Tool/Special . | . . . Unused Backups 8 | . 2 6 Power 1 | . 1 . Propulsion 2 | . 1 1 Utility 1 | . . 1 Weapon 4 | . . 4 Tool/Special . | . . . Average Slot Usage (%) 97 | . 100 96 Engine 13 | . 14 13 Treads 20 | . 28 16 Leg 5 | . . 8 Device 6 | . 14 3 Storage 14 | . 14 14 Protection 7 | . . 10 Energy Gun 14 | . 14 14 Ballistic Gun 9 | . 13 7 Launcher 3 | . . 5 Peak Build Rating 14 | 6 8 14 Average Rating 9 | 4 7 10 On Entrance 4 | . 6 8 Naked Turns . | . . . Heaviest Build 29 | 9 14 29 Greatest Support 40 | 40 40 40 Greatest Overweight (x) 7 | . . 7 Average Overweight (x) . | . . . Largest Inventory Capacity 8 | 8 8 8 Average Capacity 7 | 7 8 8 Most Carried 8 | 6 8 8 Average Carried 6 | 4 7 6 Final Capacity 8 | 8 8 8 Final Carried 8 | 6 8 7 Class Distribution -------------------- 100% | Mutant Dominant Class ---------------- Mutant | -10/Materials Mutant | -10/Subcaves Resources | -11 -10 -10 ----------- Run | Yrd Mat Sub Matter Collected 548 | 261 70 217 Remotely . | . . . Salvage Created 660 | 24 329 307 Parts 57 | 4 33 20 Haulers Intercepted 1 | . 1 . Recyclers Shooed . | . . . Parts Field Recycled . | . . . Retrieved Matter . | . . . Parts Self-Destructed 8 | . . 8 Prevented . | . . . Kills | -11 -10 -10 ------- Run | Yrd Mat Sub Combat Hostiles Destroyed 22 | . 10 12 Guns 15 | . 9 6 AOE 7 | . 1 6 Classes Destroyed 10 | 1 6 3 Worker 4 | . 4 . Builder 1 | . 1 . Tunneler 1 | 1 . . Hauler 1 | . 1 . Turret 1 | . . 1 Watcher 2 | . 2 . Swarmer 9 | . 6 3 Grunt 4 | . 4 . Sentry 1 | . . 1 Subdweller 8 | . . 8 Best Kill Streak 9 | 1 9 4 Combat Bots Only 4 | . 3 4 Max Kills in Single Turn 6 | 1 6 2 Gunslinging 1 | . 1 . Exploded 2 | . 1 2 Melee . | . . . Uniques/NPCs Destroyed . | . . . Combat | -11 -10 -10 -------- Run | Yrd Mat Sub Hostile Shots Fired 131 | . 51 80 Missed 36 | . 12 24 Hits 95 | . 39 56 Projectile 95 | . 39 56 Critical Strikes 2 | . . 2 Damage Taken 1271 | . 394 877 Core 255 | . 86 169 Absorbed by Shields . | . . . Ignored by Resistances 12 | . . 12 Core Remaining (%) 100 | 100 . . Volleys Fired 83 | 1 31 51 Largest 2 | 2 2 2 Hottest 90 | 70 70 90 Shots Fired 142 | 2 61 79 Gun 119 | 2 60 57 Cannon 3 | . . 3 Launcher 20 | . 1 19 Special . | . . . Kinetic 55 | 1 30 24 Thermal 67 | 1 30 36 Explosive 20 | . 1 19 Electromagnetic . | . . . Robot Hit Streak 16 | 1 7 16 Robot Miss Streak 1 | 1 1 1 Penetration Max . | . . . Secondary Targets 5 | . 2 3 Max Gunslinging Chain 1 | . 1 1 Shots Hit Robots 101 | 1 41 59 Core Hits 44 | 1 21 22 Critical Kills . | . . . Critical Parts Destroyed . | . . . Critical Strikes 2 | . 1 1 Burn 1 | . 1 . Destroy 1 | . . 1 Melee Attacks . | . . . Impact . | . . . Slashing . | . . . Piercing . | . . . Sneak Attacks . | . . . Combat Hostiles . | . . . Follow-up Attacks . | . . . Damage Inflicted 2500 | 20 1044 1436 Guns 1185 | 20 454 711 Cannons 26 | . . 26 Explosions 1289 | . 590 699 Melee . | . . . Ramming . | . . . Kinetic 283 | 8 143 132 Thermal 1466 | 12 849 605 Explosive 751 | . 52 699 Electromagnetic . | . . . Impact . | . . . Slashing . | . . . Piercing . | . . . Highest Corruption . | . . . Average Corruption . | . . . Corruption Purged . | . . . Corruption Blocked . | . . . Overload Shots . | . . . Overflow Damage 97 | . 94 3 Projectiles . | . . . Explosions 97 | . 94 3 Melee . | . . . Knockbacks . | . . . Impact . | . . . Kinetic . | . . . Secondary . | . . . Self-Inflicted Damage 29 | . . 29 Shots 1 | . . 1 Rammed . | . . . Targets Rammed . | . . . Kicked . | . . . Crushed . | . . . Highest Temperature 308 | 20 200 308 Average Temperature 64 | 15 64 66 Received Heat Transfer 744 | . 156 588 Siege Activations . | . . . Martial Activations . | . . . Shielding Activations . | . . . Robots Disrupted . | . . . Combat Hostiles . | . . . Robots Corrupted . | . . . Combat Hostiles . | . . . Parts Fried . | . . . Impact Corruptions . | . . . Robots Melted . | . . . Combat Hostiles . | . . . Parts Melted 5 | . 4 1 Heat Transferred 2123 | 37 1349 737 Parts Sabotaged . | . . . Parts Stolen . | . . . Parts Stripped . | . . . Power Chain Reactions . | . . . Alert | -11 -10 -10 ------- Run | Yrd Mat Sub Maximum Alert Level 1 | . 1 . Low Security (%) 81 | 100 77 . Level 1 18 | . 22 . Level 2 . | . . . Level 3 . | . . . Level 4 . | . . . Level 5 . | . . . High Security . | . . . Max Security . | . . . Peak Influence 342 | 5 342 . Initial . | . . . Average 108 | . 133 . Influence Increases 757 | 5 502 250 Destroy 0b10 Robot/C 300 | . 200 100 Destroy 0b10 Robot/NC 45 | 5 40 . Destroy Leader 46 | . 46 . Successful Hack 12 | . 12 . Disable Machine 120 | . 120 . Destroy Structure 54 | . 54 . Lose Combat Pursuer 180 | . 30 150 Influence Decreases 613 | 5 198 410 Entered New Map 147 | . . 147 Time Decay 386 | 5 188 193 Lost Part 70 | . . 70 Lost Ally 10 | . 10 . Squads Dispatched 3 | . 3 . Investigation 2 | . 2 . Extermination . | . . . Reinforcement 1 | . 1 . Assault . | . . . Garrison . | . . . Intercept . | . . . Searches Triggered . | . . . Construction Impeded . | . . . Haulers Reinforced . | . . . Active Scanning Responses . | . . . Cargo Convoy Interrupts . | . . . Stealth | -11 -10 -10 --------- Run | Yrd Mat Sub Distress Signals 1 | . 1 . Communications Jammed . | . . . Distress Signals . | . . . Times Spotted 29 | . 14 15 Peak Tracking Total 4 | . 4 4 Tactical Retreats 5 | . 2 3 Traps | -11 -10 -10 ------- Run | Yrd Mat Sub Traps Triggered 3 | . 1 2 Indirectly . | . . . Trap Hack Attempts . | . . . Triggered . | . . . Disarmed . | . . . Reprogrammed . | . . . Reused . | . . . Traps Extracted . | . . . Installed . | . . . Triggered . | . . . Machines | -11 -10 -10 ---------- Run | Yrd Mat Sub Machines Disabled 11 | . 8 3 Max in Single Turn 8 | . 8 3 Machines Repaired . | . . . Machines Dismantled . | . . . Machines Sabotaged . | . . . Overloaded Fab Kills . | . . . Hacking | -11 -10 -10 --------- Run | Yrd Mat Sub Machines Accessed 1 | . 1 . Terminals 1 | . 1 . Fabricators . | . . . Repair Stations . | . . . Recycling Units . | . . . Scanalyzers . | . . . Garrison Access . | . . . Total Hacks 3 | . 3 . Successful 2 | . 2 . Failed 1 | . 1 . Catastrophic . | . . . Database Lockouts . | . . . Manual 3 | . 3 . Terminals 3 | . 3 . Fabricators . | . . . Repair Stations . | . . . Recycling Units . | . . . Scanalyzers . | . . . Garrison Access . | . . . Terminal Hacks 1 | . 1 . Part Schematic 1 | . 1 . Fabricator Hacks . | . . . Repair Station Hacks . | . . . Recycling Unit Hacks . | . . . Scanalyzer . | . . . Garrison Access Hacks . | . . . Unauthorized Hacks 1 | . 1 . Terminals 1 | . 1 . Assimilate 1 | . 1 . Fabricators . | . . . Repair Stations . | . . . Recycling Units . | . . . Scanalyzers . | . . . Garrison Access . | . . . Data Cores Recovered . | . . . Used . | . . . Hacking Detections 1 | . 1 . Full Trace Events 1 | . 1 . Feedback Events . | . . . Feedback Blocked . | . . . Robot Schematics Acquired . | . . . Robots Built . | . . . Authchips . | . . . Time . | . . . Total Robot Build Rating . | . . . Part Schematics Acquired 1 | . 1 . Parts Built . | . . . Authchips . | . . . Time . | . . . Total Part Build Rating . | . . . Parts Repaired . | . . . Time . | . . . Parts Recycled . | . . . Recycled Matter . | . . . Retrieved Matter . | . . . Retrieved Components . | . . . Parts Scanalyzed . | . . . Part Schematics Acquired . | . . . Parts Damaged . | . . . Bothacking | -11 -10 -10 ------------ Run | Yrd Mat Sub Used RIF Installer . | . . . Robots Hacked . | . . . Non-combat . | . . . Combat . | . . . Robot Hacks Applied . | . . . Relay Couplers Released . | . . . Fabnet Peak Effective % . | . . . Robots Rewired . | . . . Allies Hacked . | . . . Hacks Repelled . | . . . Allies | -11 -10 -10 -------- Run | Yrd Mat Sub Total Allies 1 | . 1 . Largest Group 1 | . 1 . Highest-Rated Group 10 | . 10 . Highest-Rated Ally 10 | . 10 . Total Orders . | . . . Ally Attacks . | . . . Total Damage . | . . . Kills . | . . . Allies Corrupted . | . . . Allies Melted . | . . . Intel | -11 -10 -10 ------- Run | Yrd Mat Sub Active Infowar (turns) 629 | 21 409 199 Seismic 629 | 21 409 199 Robot Analysis Total . | . . . Derelict Logs Recovered . | . . . Drone Launches . | . . . Drone Recoveries . | . . . Exploration | -11 -10 -10 ------------- Run | Yrd Mat Sub Turns Passed 1405 | 94 409 902 Spaces Moved 655 | 49 187 419 Core 21 | 1 . 20 Treads 634 | 48 187 399 Legs . | . . . Wheels . | . . . Hover . | . . . Flight . | . . . Fastest Speed 50 | 50 160 160 Average Speed 172 | 157 160 180 Slowest Speed 400 | 160 160 400 Overloaded Moves . | . . . Propulsion Burnouts . | . . . Robots Hopped . | . . . Potential Cave-ins . | . . . Cave-ins Triggered . | . . . Exploration Rate (%) 28 | 4 42 38 Regions Visited 2 Branch Regions 1 Pre-discovered Areas . | . . . Known Exits Taken . | . . . Unknown Exits Taken 2 | 1 1 . Scrap Searched 2 | . . 2 Spaces Dug 9 | . . 9 Terrain Destroyed 140 | . 64 76 Melee . | . . . Projectile 1 | . . 1 AOE 139 | . 64 75 Terrain Rammed . | . . . Walls Destroyed . | . . . Machines Disabled . | . . . Actions | -11 -10 -10 --------- Run | Yrd Mat Sub Total 789 | 61 242 486 Wait 16 | . 15 1 Move 653 | 48 186 419 Hop . | . . . Pick Up 13 | 6 5 2 Fast Attach 9 | 6 . 3 Attach 4 | . 1 3 Detach . | . . . Swap 7 | . 2 5 Drop 4 | . 2 2 Fire 83 | 1 31 51 Melee . | . . . Ram . | . . . Kick . | . . . Crush . | . . . Escape Stasis . | . . . Rewire . | . . . Trap . | . . . Miscellaneous . | . . . Route ------- -11/Scrapyard -10/Materials (discovered 2 exits: [*Min] / [*Sub]) -10/Subcaves (discovered 1 exit: [*Rec]) History --------- Turn | Location | Event 42 | -11/Scrapyard | Discovered new exit (range 16) 95 | -11/Scrapyard | Entered Materials 300 | -10/Materials | Discovered new exit (range 16) 313 | -10/Materials | Build established: Mutant 494 | -10/Materials | Discovered new exit (range 6) 504 | -10/Materials | Entered Subcaves 888 | -10/Subcaves | Shifting Twisted Machinery released Flamer 908 | -10/Subcaves | Shifting Twisted Machinery released Flamer 959 | -10/Subcaves | A swath of the cavern ceiling suddenly collapsed 1125 | -10/Subcaves | Core integrity fell below 50% 1303 | -10/Subcaves | Core integrity fell below 20% 1350 | -10/Subcaves | Lost 3 parts (2n1w) 1402 | -10/Subcaves | Discovered new exit (range 11) 1406 | -10/Subcaves | Destroyed by Autobeam Turret with Autobeam Last Messages --------------- 01302_ Destroyed Flight Unit. 01308_ S-10 Pest destroyed. 01310_ Flight Unit fries itself beyond repair. 01314_ Lgt. Ion Engine fries itself beyond repair. 01315_ Lgt. Assault Rifle fries itself beyond repair. 01315_ Triggered Piercing Trap. 01315_ Spikes shoot up from the floor. 01315_ Critical hit (Impale). 01317_ Lgt. Assault Rifle destroyed. 01319_ Aluminum Leg destroyed. 01322_ Machine disabled. 01331_ Destroyed Autobeam. 01331_ Autobeam Turret destroyed. 01402_ EXIT=FOUND 01402_ Triggered Piercing Trap. 01402_ Spikes shoot up from the floor. 01402_ Critical hit (Impale). 01402_ Grenade Launcher destroyed. 01404_ The unstable cave ceiling collapses. 01406_ Mak. Kinetic Plating destroyed. Map ----- +----------------------------------------------------+ | #??????????????????????????????????????????????? | | ???????????????????????????????????????????????? | | ???????????????????????????????????????????????? | | ????????????????????????????????????????????????? | | ?????????????????????????????????????????????????? | | ?????????????????????????????????????????????????? | | ???????? ? ?????????????????????????????????????? | | ??????? ????????????????????????????????????? | | #?????? # ????????????????????????????????????? | | ??????? ?????????????????????????????????????? | | ??????? ??????????????????????????????????????? | | ?###### #??????????????????????????????????????? | | ## # #??????????????????????????????????????? | | # ###????????????????????????????????????? | | # #????????????????????????????????????? | | ? ?????????????????????????????????????? | | #? #????########???????????????????????????? | | ### #??? ## ???????????????????????????? | | ## #????? ?####??????????????????????? | | #??????# ## #??????????????????????? | | ### #??????# ###????????????????????? | | ##?## ##?????#< #????????????????????? | | #??## #?????# t % ^"?????????????????????? | | #??# #?????# % ??????????????????????? | | ##?## ##??????? ^#??????????????????????? | | ##" ######???????#% @#?????????##???????????? | | """ ######### ##??###?### #???????????? | | ## ## ##### ###"""#???????????? | | "" ### ### ## """"#???????????? | | "" #?# ##?## ## """#???????????? | | # #?# #???## "" #### " ##??????????? | | ## #### #????# #"#### " #??????????? | | ?# #####?# #????# ###?#" """ #??????????? | | ## #?????# ##??## ##?### """"" #??????????? | | "" ####??# #### ## ## ""##??????????? | | "" ### ##?# # "" ####???????????? | | #### #### !##### ##" ## #??????????????? | | #### # &%&#&# ###### #??????????????? | | ### =&*%! #???### ##?????????????? | | [ %% ##??# #?????????????? | | # ## ## #" ## #### ##?????????????? | | # #### # # # ## # #??????????????? | | # ##??# ####??????????????? | | #####???# # ##?????????????????? | | ????????# ## ### ####??????????????????? | | ????????# ##"#####?## ##?????????????????????? | | ????????######????????#####??????????????????????? | | ?????????????????????????????????????????????????? | | ?????????????????????????????????????????????????? | | ?????????????????????????????????????????????????? | +----------------------------------------------------+ Best States ------------- Heat Dissipation 25 Energy Generation 15 Energy Capacity 200 Matter Stores 300 Matter Capacity 300 Sight Range 16 Terrain Scan Density 10 Armor Coverage 100 Resistance: KI 10 Evasion (%) 40 Recoil Reduction 2 Item Schematics ----------------- Hcp. Storage Unit | -10/Materials | Hacked Robot Schematics ------------------ None Fabricated ------------ Nothing Repaired ---------- Nothing Alien Tech Used ----------------- None Achievements -------------- None Challenges ------------ None Game ------ Seed NullMicrodissipatorRipper Manual? 0 Play Time 00:09:30 Cumulative 248.5 hours Start 2025.05.09 @ 17:10:13 End 2025.05.09 @ 17:16:30 Sessions 1 Manual Loads 0 Difficulty Rogue Special Mode None Game No. 166 Rogue 166 Adventurer 0 Explorer 0 Win Type - Total 13 Types 6/0/5/1/0/0/0/1/0/0 Lore% 76 Gallery% 70 Achievement% 73 Wizard Run 0 Options --------- Layout 0 ASCII 0 Keyboard 0 Movement Mouse Keybinds 0 Fullscreen 2 Font 24/Smallcaps Map View 76x50 Zoom Use 0% Tactical HUD 1 Map Filters NONE Filters NONE Steam 1 RUN: 90477c12-84e3-421c-b237-ce4ec9da6eb0